 Dungeon Crawl Stone Soup version 0.16-a0-1982-g8124c91 (webtiles) character file.

1047768 RobertPalmer the Thanatomancer (level 27, -10/222 (231) HPs)
             Began as a Demonspawn Transmuter on Nov 4, 2014.
             Was the Champion of Ru.
             Mangled by a torturous warmonger
             ... wielding a +0 demon trident of venom
              (15 damage)
             ... in Pandemonium on Nov 8, 2014.
             The game lasted 10:10:31 (131192 turns).

RobertPalmer the Thanatomancer (DsTm)             Turns: 131192, Time: 10:10:31

HP:   -10/222 (231) AC: 26    Str:  1 (12) XL:     27
MP:   0/51          EV: 15    Int: -3 (17) God:    Ru [******]
Gold: 8447          SH:  0    Dex: 13 (23) Spells: 11 memorised, 1 level left

rFire  . . .     SeeInvis .       - Unarmed
rCold  + + .     Rnd*Rage +     A - +3 leather armour of Purpose {Dex+1 Slay+2}
rNeg   + . .     SustAb   .     (shield unavailable)
rPois  .         Gourm    .     I - +2 hat {rC+}
rElec  .         Spirit   +     e - +2 cloak {MR+}
rCorr  .         Warding  +     (gloves unavailable)
rMut   .         Rnd*Tele +     H - +2 pair of boots {run}
MR     +++..                    C - brooch of Shielding {Ward rN+ AC+4 EV+4}
Stlth  +.........               Y - ring of the Archfiend {MP+9 Dex+3 Int+2} (curse)
                                (ring unavailable)

@: lethally poisoned, sap magic, no scrolls, lost intelligence, studying Ice
Magic, heavily drained, very slow, extremely resistant to hostile enchantments,
very unstealthy
A: claws 3, iridescent scales 3, berserk 1, blurry vision 1, breathe flames 1,
clumsy 1, cold resistance 1, dopey 1, passive freeze, slow healing 1, spiny 3,
teleportitis 1, weak 1, magic shield, magic regeneration, magic link, no device
heal 1, freezing cloud immunity, forlorn, placid magic 2, inability to read
while threatened, missing a hand, inability to train armour, no fire magic, no
hexes magic, no summoning magic, MP-powered wands 1
a: Draw Out Power, Power Leap, Apocalypse, Renounce Religion, Breathe Fire
}: 9/15 runes: barnacled, silver, golden, iron, icy, bone, abyssal, demonic,
gossamer


You were in Pandemonium.
You worshipped Ru.
Ru was exalted by your worship.
You were not hungry.

You visited 17 branches of the dungeon, and saw 90 of its levels.
You visited Pandemonium 1 time, and saw 3 of its levels.
You visited the Abyss 1 time.
You visited 1 bazaar.
You visited 1 ziggurat, and saw 6 of its levels.
You also visited: Labyrinth, Trove, Ossuary, Bailey and Ice Cave.

You collected 16185 gold pieces.
You spent 7738 gold pieces at shops.


Innate Abilities, Weirdness & Mutations

You have claws for hands.
You are completely covered in iridescent scales (AC +8).
You are clumsy. (Dex -2)
Your flesh is cold resistant.
A frigid envelope surrounds you and freezes all who hurt you.
You are completely covered in sharp spines.
When hurt, damage is shared between your health and your magic reserves.
You regenerate magic rapidly.
When low on magic, you restore magic in place of health.
You are immune to freezing clouds.
You cannot read scrolls while threatened.
You are missing a hand.
You cannot train your Armour skill.
You cannot study or cast Fire magic.
You cannot study or cast Hexes magic.
You cannot study or cast Summoning magic.
You can breathe flames.
You have difficulty communicating with the divine.
[You tend to lose your temper in combat.]
[Your vision is a little blurry.]
[You are dopey. (Int -2)]
[You heal slowly when monsters are visible.]
[Space occasionally distorts in your vicinity.]
[You are weak. (Str -2)]
[Potions and wands are less effective at restoring your health.]
[Your spells are easier to cast, but less powerful.]
[You expend magic power (6 MP) to slightly strengthen your wands.]


   Skills:
 - Level 22.2(20.3) Fighting
 - Level 20.0(18.1) Dodging
 - Level 19.6(17.8) Unarmed Combat
 - Level 15.1(13.4) Spellcasting
 - Level 15.9(14.2) Conjurations
 - Level 16.6(14.9) Charms
 - Level 25.9(23.9) Necromancy
 - Level 7.6(6.2) Translocations
 - Level 18.7(16.9) Transmutations
 - Level 4.6(3.3) Ice Magic
 + Level 20.8(18.9) Earth Magic
 - Level 17.1(15.4) Evocations


You had one spell level left.
You knew the following spells:

 Your Spells              Type           Power        Failure   Level  Hunger
b - Blink                 Tloc           N/A          1%          2    ###....
d - Repel Missiles        Chrm/Air       #.....       1%          2    ###....
e - Apportation           Tloc           #.........   1%          1    ##.....
g - Regeneration          Chrm/Necr      #.........   0%          3    ####...
h - Haste                 Chrm           #.......     2%          6    #######
x - Orb of Destruction    Conj           #.........   63%         7    #######
y - Condensation Shield   Ice            #.........   67%         4    #####..
J - Death's Door          Chrm/Necr      #.........   63%         8    #######
L - Borgnjor's Revivific  Necr           #.........   6%          8    #######
M - Necromutation         Trmt/Necr      #.........   36%         8    #######
X - Statue Form           Trmt/Erth      #........    1%          6    #######

Inventory:

Missiles
 t - 14 throwing nets (quivered)
Armour
 e - a +2 cloak of magic resistance (worn)
 A - the +3 leather armour of Purpose (worn) {Dex+1 Slay+2}
   (You found it on level 1 of the Vaults)

   It affects your dexterity (+1).
   It affects your accuracy and damage with ranged weapons and melee attacks
   (+2).
 H - a +2 pair of boots of running (worn)
 I - a +2 hat of cold resistance (worn)
Magical staves
 b - a cursed staff of wizardry {!a}
Jewellery
 a - a cursed ring of teleportation
 d - a cursed ring of protection from fire
 h - the amulet of Perfectionism {rMut +Inv rC+ rN+ MR+}
   (You found it on level 7 of the Iron City of Dis)

   [amulet of resist mutation]

   It protects you from mutation.
   It protects you from cold.
   It protects you from negative energy.
   It affects your resistance to hostile enchantments.
   It lets you turn invisible.
 l - a cursed amulet of resist corrosion
 y - a cursed amulet of resist mutation
 C - the brooch of Shielding (around neck) {Ward rN+ AC+4 EV+4}
   (You found it on level 6 of the Pits of Slime)

   [amulet of warding]

   It may prevent the melee attacks of summoned creatures.
   It affects your AC (+4).
   It affects your evasion (+4).
   It protects you from negative energy.
 X - the cursed ring "Wuqoenie" {rPois rN+ SInv}
   (You found it on level 1 of the Crypt)

   [ring of see invisible]

   It protects you from poison.
   It protects you from negative energy.
   It enhances your eyesight.
   It has a curse placed upon it.
 Y - the cursed ring of the Archfiend (right claw) {MP+9 Dex+3 Int+2}
   (You bought it in a shop on level 3 of the Orcish Mines)

   [ring of magical power]

   It affects your intelligence (+2).
   It affects your dexterity (+3).
   It affects your magic capacity (+9).
   It has a curse placed upon it.
Magical devices
 c - a wand of heal wounds (6) {!d}
 p - a wand of hasting (3) {!d}
 O - a wand of digging (5)
 P - a wand of teleportation (2) {!d}
Scrolls
 k - 6 scrolls of recharging
 r - 15 scrolls of fog
 s - 21 scrolls of remove curse
 G - 11 scrolls of amnesia
 J - 9 scrolls of magic mapping
 K - a scroll of vulnerability {!r}
 L - 8 scrolls of teleportation
 Q - 5 scrolls of summoning
 T - 6 scrolls of blinking
Potions
 g - 8 potions of haste
 j - 10 potions of brilliance
 m - a potion of flight
 n - 7 potions of magic
 x - 9 potions of might
 B - 14 potions of curing
 F - 4 potions of cancellation
 M - 2 potions of agility
 S - 6 potions of resistance
 Z - 6 potions of berserk rage
Books
 U - a manual of Ice Magic {!d}
 W - a book of the Earth
Miscellaneous
 o - a phial of floods
 u - a fan of gales
 v - a disc of storms
 w - a phial of floods
 D - a phial of floods
 E - a stone of tremors
 N - a lamp of fire
 R - a phial of floods
 V - a sack of spiders {used: 1}
Comestibles
 f - 65 fruits
 i - 44 meat rations
 q - 8 bread rations

Dungeon Overview and Level Annotations

Branches:
Dungeon (15/15)            Temple (1/1) D:6            Lair (8/8) D:8
 Shoals (5/5) Lair:4       Spider (5/5) Lair:6        Slime (6/6) Lair:7
    Orc (4/4) D:11            Elf (3/3) Orc:3        Vaults (5/5) D:14
  Crypt (3/3) Vaults:2       Tomb (3/3) Crypt:3      Depths (5/5) D:15
   Hell (1/1)                 Dis (7/7) Hell            Geh (0/7) Hell
    Coc (7/7) Hell            Tar (7/7) Hell            Zot (5/5) Depths:5

Altars:
Ashenzari
Cheibriados
Dithmenos
Elyvilon
Fedhas
Gozag
Kikubaaqudgha
Makhleb
Nemelex Xobeh
Okawaru
Qazlal
Ru
Sif Muna
Trog
Xom
Yredelemnul
Zin
The Shining One
Beogh
Jiyva

Shops:
D:9 }   Orc:1 (   Orc:3 *   Orc:4 [(=   Elf:3 ?   Vaults:1 [*(:}   Vaults:3 %
Depths:2 ?%!   Depths:4 =   Depths:5 *

Portals:
Hell: Depths:2 Depths:3 Depths:4 Depths:5
Abyss: Depths:4
Pandemonium: Depths:1 Depths:2 Depths:3 Depths:4
Ziggurat: Depths:4

Annotations:
D:15 exclusion: orange crystal statue
Vaults:3 exclusion: obsidian statue

#...................
##...∩...##.######.#
#..(....##.#
#.......##.#
#.......##.#
##########.# #.#
######.######.#####
#........R@6.......
###########6#######
6# §# .# .# .# .# .


You could see a torturous warmonger, an infernal corrupter (bleeding) and a
torturous demonspawn.


Message History

The grand avatar is lightly damaged.
You claw the torturous warmonger!
The torturous warmonger is severely wounded.
* * * LOW HITPOINT WARNING * * *
You feel very sick.
The torturous warmonger hits you with a demon trident of venom!
* * * LOW HITPOINT WARNING * * *
You are more poisoned.
The torturous warmonger is very cold.
The torturous warmonger is severely wounded.
Unknown command.
You barely miss the torturous warmonger.
The torturous warmonger is severely wounded.
* * * LOW HITPOINT WARNING * * *
You feel extremely sick.
The grand avatar is stunned by your will and fails to attack.
You redirect the infernal corrupter's attack!
The infernal corrupter mumbles some strange prayers to its god against the torturous warmonger.
The torturous warmonger twists and deforms.
You claw the infernal corrupter!
The infernal corrupter is moderately wounded.
* * * LOW HITPOINT WARNING * * *
You feel extremely sick.
The torturous warmonger is no longer bleeding.
You redirect the grand avatar's attack!
The infernal corrupter hits you but does no damage.
The infernal corrupter is very cold.
The infernal corrupter is moderately wounded.
The torturous warmonger hits you with a demon trident of venom!!
You die...

Action                   |  1- 3 |  4- 6 |  7- 9 | 10-12 | 13-15 | 16-18 | 19-21 | 22-24 | 25-27 || total
-------------------------+-------+-------+-------+-------+-------+-------+-------+-------+-------++-------
Melee: Unarmed           |   103 |   254 |   507 |   706 |  1837 |  1795 |  2112 |  1937 |  8127 || 17378
       Staff             |       |       |       |       |       |       |     6 |       |       ||     6
 Fire: Blowgun           |       |       |     9 |     1 |    20 |       |       |       |       ||    30
Throw: Throwing net      |       |       |       |     2 |       |     1 |     2 |       |       ||     5
 Cast: Beastly Appendage |    19 |    31 |    30 |     1 |       |       |       |       |       ||    81
       Sticks to Snakes  |       |       |     3 |       |     2 |       |       |       |       ||     5
       Spider Form       |       |       |    23 |     4 |       |       |       |       |       ||    27
       Ice Form          |       |       |     5 |    44 |    15 |    89 |    25 |     2 |       ||   180
       Blade Hands       |       |       |       |    32 |   152 |   114 |   110 |    25 |       ||   433
       Irradiate         |       |       |       |       |    10 |     7 |     4 |     1 |       ||    22
       Repel Missiles    |       |       |       |       |     3 |     7 |     3 |    10 |     4 ||    27
       Hydra Form        |       |       |       |       |       |    38 |    23 |     4 |       ||    65
       Blink             |       |       |       |       |       |     4 |     6 |    14 |    23 ||    47
       Haste             |       |       |       |       |       |       |    39 |    34 |    55 ||   128
       Statue Form       |       |       |       |       |       |       |    31 |    59 |   150 ||   240
       Regeneration      |       |       |       |       |       |       |    46 |   118 |   185 ||   349
       Bolt of Draining  |       |       |       |       |       |       |       |    59 |    45 ||   104
       Necromutation     |       |       |       |       |       |       |       |       |   120 ||   120
       Condensation Shie |       |       |       |       |       |       |       |       |    56 ||    56
       Orb of Destructio |       |       |       |       |       |       |       |       |     3 ||     3
Invok: Sacrifice Arcana  |       |       |     1 |       |       |       |       |       |       ||     1
       Power Leap        |       |       |       |     9 |    50 |    29 |    26 |    21 |    51 ||   186
       Sacrifice Durabil |       |       |       |     1 |       |       |       |       |       ||     1
       Sacrifice a Hand  |       |       |       |     1 |       |       |       |       |       ||     1
       Draw Out Power    |       |       |       |     1 |     4 |     7 |     4 |     2 |     4 ||    22
       Apocalypse        |       |       |       |     2 |     3 |     1 |       |     2 |     5 ||    13
       Reject Sacrifices |       |       |       |       |     2 |       |       |       |       ||     2
       Sacrifice Purity  |       |       |       |       |     1 |       |       |       |       ||     1
       Sacrifice Words   |       |       |       |       |     1 |       |       |       |       ||     1
 Abil: End Transformatio |       |       |     5 |    16 |    30 |   131 |   114 |    45 |    50 ||   391
       Evoke Teleportati |       |       |       |       |       |       |       |     1 |       ||     1
Evoke: Wand              |       |       |       |     2 |     8 |     6 |     8 |    24 |    41 ||    89
       Sack of spiders   |       |       |       |       |     3 |     1 |       |     1 |     1 ||     6
       Phial of floods   |       |       |       |       |     1 |       |       |       |     5 ||     6
       Fan of gales      |       |       |       |       |       |       |       |       |     1 ||     1
       Stone of tremors  |       |       |       |       |       |       |       |       |     1 ||     1
       Phantom mirror    |       |       |       |       |       |       |       |       |     1 ||     1
  Use: Scroll            |     7 |       |     9 |     8 |    29 |    14 |    13 |    24 |    22 ||   126
       Potion            |     4 |     2 |     8 |     3 |    10 |    10 |     9 |     6 |    26 ||    78
 Stab: Sleeping          |       |       |     2 |     2 |       |     1 |       |       |     2 ||     7
       Invisible         |       |       |       |     9 |    20 |    51 |    38 |    35 |   112 ||   265
       Distracted        |       |       |       |     4 |    10 |     9 |     4 |    10 |    33 ||    70
       Paralysed         |       |       |       |    15 |    15 |    29 |    19 |    12 |    41 ||   131
       Held in net/web   |       |       |       |     1 |       |       |       |       |       ||     1
       Petrified         |       |       |       |       |       |     2 |       |       |       ||     2
       Confused          |       |       |       |       |       |       |       |     1 |       ||     1
  Eat: Chunk             |     3 |    12 |    18 |    52 |   145 |    96 |    89 |   119 |    84 ||   618
       Beef jerky        |       |       |     1 |       |     2 |       |     6 |     2 |     2 ||    13
       Royal jelly       |       |       |       |     1 |       |       |     6 |       |       ||     7
       Fruit             |       |       |       |     1 |       |       |     1 |     1 |       ||     3
       Pizza             |       |       |       |       |     1 |     2 |       |       |     1 ||     4
       Bread ration      |       |       |       |       |     1 |       |     2 |       |    27 ||    30

Vault maps used:
D:1:      scummos_arrival_simple_fountains, okawaru_ov_weapons_minmay
D:2:      lemuel_statue_altar, uniq_sigmund
D:3:      minmay_splitting_lines, dk_yredelemnul_ordeal
D:4:      gammafunk_temple_overflow_claw
D:5:      xom_confusion_cloud, nicolae_overflow_hidden_temple,
          nicolae_ossuary_entry_ruins, first_bread
D:6:      kennysheep_mini_moat, minmay_temple_entry_purple_smoke,
          minmay_misc_feat_iff, uniq_natasha
D:7:      lemuel_round_altar, the_bakery, nemelex_dance_club_becter
D:8:      old_standard_altar, led_sif_pool, grunt_lair_entry_elf_guard_hut,
          basic_loot_grate_trap, tgw_kikubaaqudgha
D:9:      lemuel_crystal_altar, enter_bailey_2, serial_shops,
          nicolae_shop_temple_entry_statues_fountains,
          nicolae_dithmenos_shadow_blocks
D:10:     serial_bayou_pond_d
D:11:     orc_0_dummy, lab_entry_generic, basic_altar,
          kennysheep_generic_room_15
D:12:     portal_ice_cave_entry_pillars_02, kennysheep_kite_vault
D:13:     evilmike_diamond_1, basic_altar, minivault_16, lemuel_flame_loot_1,
          uniq_nessos
D:14:     david_vaults_4, serial_park_square2, sword_in_stone
D:15:     gammafunk_depths_entry_grave, small_chamber_with_monster,
          grunt_ministairs_6, minmay_statue_bubble, uniq_azrael, uniq_roxanne,
          uniq_frances
Temple:   cyrus_temple_forest_13
Lair:1:   infiniplex_staircase_pool_2, lemuel_fruit_fields
Lair:4:   minmay_shoals_entry_centaurs, grunt_forest_small_clearing_treed
Lair:5:   grunt_forest_small_clearings
Lair:6:   spider_nest_entry_rubble, basic_altar
Lair:7:   nicolae_slime_entry_slimehenge, basic_altar,
          cheibrodos_lair_reptile_den, grunt_megastairs_4
Lair:8:   minmay_lair_end_frog_pond, small_statue_intersection
Shoals:1: uniq_agnes
Shoals:3: uniq_polyphemus
Shoals:4: serial_shops, bzr_entry_dummy, nicolae_shoals_aquamancer_cove
Shoals:5: shoals_end_hangedman, shoal_ilsuiw
Spider:2: hangedman_stitches_earthworm
Spider:4: hive_lemuel
Spider:5: guppyfry_spider_rune
Slime:6:  uniq_dissolution
Orc:1:    basic_altar, serial_shops, shop
Orc:2:    mines1_david
Orc:3:    serial_shops, nicolae_shop_waterfront, nicolae_orc_pool_cavern,
          uniq_psyche
Orc:4:    grunt_orc_community_town_hall, grunt_orc_community_big_house_1,
          grunt_orc_community_big_house_2, grunt_orc_community_house_1,
          grunt_orc_community_house_1, grunt_orc_community_house_1,
          grunt_orc_community_house_2, grunt_orc_community_house_2, uniq_grum
Elf:1:    serial_corexii_hall, corexii_hall_statues_deadend,
          corexii_hall_statues_u, hangedman_corner_corridor, st_stairs_11,
          wad_floor_pattern_untrapped, unseen_surprise_small, uniq_josephine
Elf:2:    corner_web_ring
Elf:3:    minmay_elf_hall_spiked, basic_altar, serial_shops, shop_coins,
          special_room, uniq_louise
Vaults:1: v_misc_18, v_rooms_5, st_cells, vaults_room_ringed_pool, v_misc_16,
          hangedman_vaults_corner_blocks, vaults_room_grunt_arrival_ludios,
          v_pattern_5, hangedman_vaults_variations, hangedman_vaults_nails,
          ontoclasm_vaults_fault, nicolae_vaults_little_squares_5, serial_shops,
          shop_statue, shop, shop, nicolae_shop_waterfront, shop
Vaults:2: hangedman_vaults_restitches, vaults_room_corners,
          minmay_crypt_entry_necro_gods, grunt_vaults_hallway_long,
          hangedman_vaults_trim, v_misc_19, hangedman_vaults_slice,
          grunt_vaults_focal, vaults_room_hallway, vaults_room_corners
Vaults:3: v_pattern_4, nicolae_vaults_triangles, nicolae_vaults_ninety_degrees,
          nicolae_vaults_windows_and_doors_thing, vaults_mumra_hex,
          serial_ice_b, nicolae_vaults_statue_guard, serial_shops, shop
Vaults:4: v_misc_25, nicolae_vaults_sealed_display,
          nicolae_vaults_diagonal_hallway_6, nicolae_vaults_hallways_thing,
          vaults_dpeg_ring, grunt_vaults_hallway_short,
          ontoclasm_vaults_claustrophobia, kb_rosetta, hangedman_vaults_pinch,
          v_misc_17, vaults_room_fours, ontoclasm_vaults_hangar, v_misc_19,
          v_rooms_4, nicolae_vaults_little_squares_4, nicolae_vaults_rhombus_6,
          uniq_jorgrun, uniq_frederick
Vaults:5: serial_shops, uniq_margery
Crypt:2:  crypt_curse_skull_rare, grunt_ministairs_9, lemuel_elevator
Crypt:3:  grunt_crypt_end_deaths_head
Depths:1: hellmouth_1, kennysheep_doodads, pan_entry, serial_bayou_crossing,
          firewood_loft
Depths:2: hangedman_hanging_gardens, serial_shops, shop_statue, shop_coins,
          shop_statue, hell_entry, rand_demon_pan_entry_5, grunt_ministairs_14
Depths:3: grunt_profane_halls, hell_entry, pan_entry
Depths:4: kennysheep_large_vault, enter_ziggurat_c, rand_demon_pan_entry_9,
          hell_entry, serial_shops, nicolae_shop_crystal,
          hangedman_decor_diamond_cutter, abyss_entry,
          infiniplex_staircase_zigzag_2
Depths:5: lemuel_castle_with_subvaults, minmay_misc_feat_nine_boxes,
          enter_trove_5, pf_hell_entry_tar_river, serial_shops, shop,
          kennysheep_random_hallway, basic_stair_grate_trap
Dis:2:    hangedman_dis_decor_blocks_talon, grunt_megastairs_2
Dis:7:    iron_city_of_dis
Coc:7:    coc_old
Tar:4:    nicolae_tar_cuneiform_not
Tar:5:    nicolae_tar_cuneiform_water
Tar:6:    nicolae_tar_cuneiform_city
Tar:7:    tar_grunt_ereshkigal, tar_grunt_big_loot, tar_grunt_small_loot,
          tar_grunt_small_loot, tar_grunt_small_loot, tar_grunt_decor_6,
          tar_grunt_decor_cross_ortho, tar_grunt_decor_cross_diag,
          tar_grunt_small_decor_pillar, tar_grunt_decor_cross_diag,
          tar_grunt_decor_4, tar_grunt_small_decor_pillar, tar_grunt_decor_4,
          tar_grunt_decor_cross_ortho, tar_grunt_decor_circle_5
Zot:3:    st_single_dragon_hoard_1
Zot:4:    lemuel_acid_trip, zot_minivault_4
Abyss:3:  grunt_abyss_rune_the_horror
Pan:      evilmike_mini_pan_pillars_b, nicolae_pan_cerebovesque_1,
          evilmike_mini_pan_V, evilmike_mini_pan_3x3, enter_ziggurat_pan_a
Zig:5:    ziggurat_pillar_centre_c
Lab:      labyrinth_skeletal_remains, nicolae_lab_quarters
Bazaar:   bazaar_minmay_snake
Trove:    trove_simple
Ossuary:  ossuary_minmay_tomb_2a
Bailey:   bailey_polearm_1, bailey
IceCv:    ice_cave_small_giant

Notes
Turn   | Place    | Note
--------------------------------------------------------------
     0 | D:1      | RobertPalmer, the Demonspawn Transmuter, began the quest for the Orb.
     0 | D:1      | Reached XP level 1. HP: 15/15 MP: 3/3
    67 | D:1      | Reached skill level 3 in Unarmed Combat
   120 | D:1      | Gained mutation: You have sharp fingernails. [demonic ancestry]
   120 | D:1      | Reached XP level 2. HP: 12/21 MP: 2/4
   367 | D:1      | Found an iron altar of Okawaru.
   914 | D:1      | Gained mutation: When hurt, damage is shared between your health and your magic reserves. [demonic ancestry]
   914 | D:1      | Reached XP level 3. HP: 16/26 MP: 6/6
  1530 | D:2      | Found an ancient bone altar of Kikubaaqudgha.
  1572 | D:2      | Reached skill level 4 in Unarmed Combat
  1880 | D:2      | Noticed Sigmund
  1882 | D:2      | Identified a potion of resistance
  1927 | D:2      | Killed Sigmund
  1927 | D:2      | Reached skill level 5 in Unarmed Combat
  1927 | D:2      | Gained mutation: You regenerate magic rapidly. [demonic ancestry]
  1927 | D:2      | Reached XP level 4. HP: 9/32 MP: 2/7
  2486 | D:3      | Reached XP level 5. HP: 15/37 MP: 6/9
  2925 | D:3      | Noticed a human
  3295 | D:3      | Reached skill level 6 in Unarmed Combat
  3482 | D:3      | Gained mutation: You are partially covered in sharp spines. [demonic ancestry]
  3482 | D:3      | Reached XP level 6. HP: 19/43 MP: 4/10
  3996 | D:3      | Found a basalt altar of Yredelemnul.
  4588 | D:4      | Reached skill level 7 in Unarmed Combat
  4792 | D:3      | Learned a level 2 spell: Sticks to Snakes
  4797 | D:3      | Learned a level 4 spell: Ice Form
  4946 | D:4      | Found a stormy altar of Qazlal.
  4946 | D:4      | Found an opulent altar of Gozag.
  4947 | D:4      | Found a white marble altar of Elyvilon.
  4966 | D:4      | Reached skill level 2 in Transmutations
  5207 | D:4      | Reached skill level 3 in Transmutations
  5207 | D:4      | Reached XP level 7. HP: 48/48 MP: 10/12
  5296 | D:4      | Reached skill level 4 in Transmutations
  5481 | D:5      | Entered Level 5 of the Dungeon
  5641 | D:5      | Found a sand-covered staircase.
  5652 | Ossuary  | Entered an ossuary
  5654 | Ossuary  | Gained mutation: You passively map a small area around you. [potion of beneficial mutation]
  5974 | D:5      | Found an ancient bone altar of Kikubaaqudgha.
  5992 | D:5      | Reached skill level 5 in Transmutations
  6013 | D:5      | Found a shattered altar of Ashenzari.
  6092 | D:5      | Reached XP level 8. HP: 32/54 MP: 11/13
  6103 | D:5      | Found a shimmering altar of Xom.
  6198 | D:5      | Reached skill level 6 in Transmutations
  6203 | D:5      | Learned a level 3 spell: Spider Form
  6403 | D:5      | Reached skill level 2 in Dodging
  6531 | D:6      | Noticed Natasha
  6537 | D:6      | Killed Natasha
  6604 | D:6      | Reached skill level 3 in Dodging
  6817 | D:6      | Reached skill level 4 in Dodging
  6839 | D:6      | Found a burning altar of Makhleb.
  6921 | D:6      | Noticed Natasha
  6929 | D:6      | Killed Natasha
  7045 | D:6      | Found a staircase to the Ecumenical Temple.
  7085 | D:6      | Noticed Natasha
  7094 | D:6      | Killed Natasha
  7293 | D:7      | Found a snail-covered altar of Cheibriados.
  7444 | Temple   | Entered the Ecumenical Temple
  7476 | Temple   | Became a worshipper of Ru the Awakened
  7585 | D:7      | Reached skill level 5 in Dodging
  7692 | D:7      | Found a sparkling altar of Nemelex Xobeh.
  7934 | D:7      | Reached skill level 7 in Transmutations
  8103 | D:7      | Reached XP level 9. HP: 40/59 MP: 5/14
  8452 | D:7      | HP: 5/59 [deep elf mage/orb of energy (13)]
  8640 | D:7      | Reached skill level 8 in Transmutations
  9066 | D:7      | Reached skill level 1 in Ice Magic
  9094 | D:7      | HP: 5/59 [poisoned by a killer bee]
  9102 | D:7      | HP: 5/59 [poisoned by a killer bee]
  9110 | D:7      | HP: 4/59 [poisoned by a killer bee]
  9488 | D:7      | Gained mutation: You cannot study or cast Summoning magic. [Ru sacrifice]
  9488 | D:7      | Gained mutation: You cannot study or cast Hexes magic. [Ru sacrifice]
  9488 | D:7      | Gained mutation: You cannot study or cast Fire magic. [Ru sacrifice]
  9488 | D:7      | Acquired Ru's first power
  9659 | D:8      | Noticed a hill giant
  9673 | D:7      | Reached skill level 2 in Ice Magic
  9715 | D:8      | Killed a hill giant
  9715 | D:8      | Reached skill level 4 in Ice Magic
 10181 | D:8      | Found a deep blue altar of Sif Muna.
 10430 | D:8      | Reached skill level 9 in Transmutations
 10637 | D:8      | Found a glowing golden altar of the Shining One.
 11194 | D:8      | Gained mutation: When low on magic, you restore magic in place of health. [demonic ancestry]
 11194 | D:8      | Reached XP level 10. HP: 65/65 MP: 9/16
 11278 | D:8      | Found a staircase to the Lair.
 11741 | D:8      | Found an ancient bone altar of Kikubaaqudgha.
 11858 | Lair:1   | Entered Level 1 of the Lair of Beasts
 12280 | Lair:1   | Reached skill level 8 in Unarmed Combat
 12303 | Lair:1   | Gained mutation: You are missing a hand. [Ru sacrifice]
 12303 | Lair:1   | Acquired Ru's second power
 12303 | Lair:1   | Acquired Ru's third power
 12303 | Lair:1   | Acquired Ru's fourth power
 12357 | Lair:1   | Noticed a death yak
 12357 | Lair:1   | Noticed a death yak
 12659 | Lair:2   | Reached skill level 9 in Unarmed Combat
 13026 | Lair:2   | Reached skill level 10 in Unarmed Combat
 13519 | Lair:3   | Gained mutation: You cannot train your Armour skill. [Ru sacrifice]
 13519 | Lair:3   | Acquired Ru's fifth power
 13824 | Lair:3   | Gained mutation: You are mostly covered in sharp spines. [demonic ancestry]
 13824 | Lair:3   | Reached XP level 11. HP: 57/70 MP: 11/17
 13885 | Lair:3   | Reached skill level 11 in Unarmed Combat
 14378 | Lair:3   | Learned a level 5 spell: Blade Hands
 15272 | Lair:4   | Reached skill level 10 in Transmutations
 15645 | Lair:4   | Found a staircase to the Shoals.
 16023 | Lair:5   | Reached skill level 6 in Dodging
 16782 | Lair:5   | Reached skill level 11 in Transmutations
 17486 | Lair:6   | Reached skill level 7 in Dodging
 17514 | Lair:6   | Found a hole to the Spider Nest.
 17849 | Lair:6   | Noticed a six-headed hydra
 17926 | Lair:6   | Found a sacrificial altar of Ru.
 18073 | Lair:6   | Gained mutation: You are partially covered in iridescent scales (AC +4). [demonic ancestry]
 18073 | Lair:6   | Reached XP level 12. HP: 73/76 MP: 12/18
 18136 | Lair:6   | Killed a six-headed hydra
 18136 | Lair:6   | Reached skill level 8 in Dodging
 18426 | Lair:7   | Noticed a four-headed hydra
 18780 | Lair:7   | Reached skill level 9 in Dodging
 19137 | Lair:7   | Found a staircase to the Slime Pits.
 19179 | Lair:7   | Found a snail-covered altar of Cheibriados.
 19179 | Lair:7   | Noticed an eight-headed hydra
 19182 | Lair:7   | Killed an eight-headed hydra
 19187 | Lair:7   | Reached skill level 10 in Dodging
 19210 | Lair:7   | Killed a four-headed hydra
 19549 | Lair:7   | Noticed a six-headed hydra
 19574 | Lair:7   | Killed a six-headed hydra
 19574 | Lair:7   | Reached skill level 11 in Dodging
 20051 | Lair:8   | Entered Level 8 of the Lair of Beasts
 20067 | Lair:8   | Reached skill level 12 in Dodging
 20315 | Lair:8   | Gained mutation: You are completely covered in sharp spines. [demonic ancestry]
 20315 | Lair:8   | Reached XP level 13. HP: 61/81 MP: 17/19
 20851 | Lair:8   | Gained mutation: You are clumsy. (Dex -2) [Ru sacrifice]
 21156 | Lair:8   | Reached skill level 13 in Dodging
 21301 | Lair:8   | Noticed a six-headed hydra
 23398 | Lair:8   | Reached skill level 12 in Unarmed Combat
 24903 | D:9      | Found a flagged portal.
 24913 | Bailey   | Entered a bailey
 25221 | Bailey   | Identified the Incunabulum of Transmigration
 25330 | D:9      | Found a shadowy altar of Dithmenos.
 25350 | D:9      | Found a basalt altar of Yredelemnul.
 25417 | D:9      | Reached skill level 13 in Unarmed Combat
 25605 | D:9      | Found Foefro Tudu's Gadget Shop.
 25622 | D:9      | Bought a sack of spiders for 320 gold pieces
 25622 | D:9      | Bought a phial of floods for 640 gold pieces
 25644 | D:9      | Reached XP level 14. HP: 76/88 MP: 14/20
 25949 | D:10     | Entered Level 10 of the Dungeon
 26189 | D:10     | Reached skill level 3 in Spellcasting
 26353 | D:10     | Learned a level 5 spell: Irradiate
 26976 | D:11     | Reached skill level 4 in Spellcasting
 27099 | D:11     | Found a labyrinth entrance.
 27137 | Lab      | Entered a labyrinth
 27377 | Lab      | Got a transparent tin ring
 27379 | Lab      | Identified the ring "Klebroas" {+Rage rPois Int+1 Stlth+} (You found it in a labyrinth)
 27500 | D:11     | Found a staircase to the Orcish Mines.
 27521 | Orc:1    | Entered Level 1 of the Orcish Mines
 27635 | Orc:1    | Reached skill level 1 in Conjurations
 27764 | Orc:1    | Found Lailaomo's Antique Weapon Emporium.
 27948 | Orc:1    | Found a bloodstained altar of Trog.
 28229 | Orc:3    | Found a staircase to the Elven Halls.
 28236 | Orc:3    | Noticed Psyche
 28247 | Orc:3    | Killed Psyche
 28247 | Orc:3    | Reached skill level 2 in Conjurations
 28355 | Orc:3    | Found Vohuimp's General Store.
 28385 | Orc:3    | Bought the ring of the Archfiend {MP+9 Dex+3 Int+2} for 487 gold pieces
 28385 | Orc:3    | Bought a potion of haste for 91 gold pieces
 28385 | Orc:3    | Bought a scroll of identify for 26 gold pieces
 28385 | Orc:3    | Bought a scroll of identify for 26 gold pieces
 28824 | Orc:4    | Entered Level 4 of the Orcish Mines
 28925 | Orc:4    | Found a roughly hewn altar of Beogh.
 28933 | Orc:4    | Reached skill level 3 in Conjurations
 28950 | Orc:4    | Found Thraucer's Jewellery Shop.
 28956 | Orc:4    | Bought an uncursed amulet of the gourmand for 420 gold pieces
 29235 | Orc:4    | Noticed Saint Roka
 29662 | Orc:4    | Reached skill level 4 in Conjurations
 29871 | Orc:4    | Found Lioril's Antique Weapon Shoppe.
 29871 | Orc:4    | Found a roughly hewn altar of Beogh.
 30185 | Orc:4    | Killed Saint Roka
 30185 | Orc:4    | Reached skill level 6 in Conjurations
 30227 | Orc:4    | Found Bree's Antique Armour Emporium.
 30233 | Orc:4    | Bought a runed cloak for 175 gold pieces
 30381 | Orc:4    | Found a roughly hewn altar of Beogh.
 30381 | Orc:4    | Found Ramufaj's Antique Weapon Emporium.
 30463 | Orc:4    | Noticed Grum
 30471 | Orc:4    | Killed Grum
 30495 | Orc:4    | Found a roughly hewn altar of Beogh.
 30601 | Orc:4    | Found a roughly hewn altar of Beogh.
 30780 | Orc:4    | Reached skill level 7 in Conjurations
 31394 | Orc:3    | Gained mutation: You cannot read scrolls while threatened. [Ru sacrifice]
 31627 | D:11     | Found a shattered altar of Ashenzari.
 31938 | D:12     | Reached skill level 12 in Transmutations
 32070 | D:12     | Found a frozen archway.
 32080 | IceCv    | Entered an ice cave
 32498 | IceCv    | Reached skill level 2 in Fighting
 32531 | IceCv    | Reached skill level 3 in Fighting
 32677 | IceCv    | Noticed a frost giant
 32696 | IceCv    | Killed a frost giant
 32696 | IceCv    | Reached XP level 15. HP: 68/100 MP: 25/25
 32705 | IceCv    | Reached skill level 4 in Fighting
 32728 | IceCv    | Noticed RobertPalmer's ghost (powerful DsTm)
 32738 | IceCv    | Killed RobertPalmer's ghost
 33207 | D:12     | Reached skill level 5 in Fighting
 33845 | D:13     | Reached skill level 6 in Fighting
 33951 | D:13     | Found an ancient bone altar of Kikubaaqudgha.
 34096 | D:13     | Reached skill level 7 in Fighting
 34451 | D:13     | Learned a level 2 spell: Repel Missiles
 34502 | D:13     | Reached skill level 8 in Fighting
 35046 | D:13     | Reached skill level 9 in Fighting
 35387 | D:13     | Noticed Nessos
 35395 | D:13     | Killed Nessos
 35686 | D:14     | Noticed Urug
 35964 | D:14     | Reached skill level 10 in Fighting
 36240 | D:14     | Found a gate to the Vaults.
 36556 | D:14     | Paralysed by a wizard for 3 turns
 36559 | D:14     | Noticed Donald
 36618 | D:14     | Killed Donald
 36618 | D:14     | Reached skill level 11 in Fighting
 36624 | D:14     | Killed Urug
 36975 | D:15     | Entered Level 15 of the Dungeon
 37085 | D:15     | Noticed Frances
 37089 | D:15     | Found a staircase to the Depths.
 37094 | D:15     | Killed Frances
 37391 | D:15     | Reached skill level 1 in Charms
 37407 | D:15     | Reached skill level 2 in Charms
 37484 | D:15     | Gained mutation: You have very sharp fingernails. [demonic ancestry]
 37484 | D:15     | Reached XP level 16. HP: 76/127 MP: 26/26
 37491 | D:15     | Reached skill level 3 in Charms
 37542 | D:15     | Noticed Roxanne
 37562 | D:15     | Killed Roxanne
 37569 | D:15     | Reached skill level 4 in Charms
 37581 | D:15     | Identified Roxanne's Volume of Shape Shifting (You took it off Roxanne on level 15 of the Dungeon)
 37601 | D:15     | Gained mutation: Your spells are a little harder to cast, but a little more powerful. [potion of mutation]
 37601 | D:15     | Gained mutation: Your flesh is cold resistant. [potion of mutation]
 37601 | D:15     | Gained mutation: [You are weak. (Str -2)] [potion of mutation]
 37609 | D:15     | Learned a level 6 spell: Hydra Form
 37751 | D:15     | Noticed Azrael
 37756 | D:15     | Reached skill level 5 in Charms
 37756 | D:15     | Killed Azrael
 38290 | D:15     | Reached skill level 13 in Transmutations
 38894 | Spider:1 | Entered Level 1 of the Spider Nest
 40498 | Spider:2 | Reached skill level 14 in Transmutations
 40523 | Spider:2 | Identified a +1 pair of boots of running (You found it on level 2 of the Spider Nest)
 41626 | Spider:3 | Identified a wand of teleportation
 42175 | Spider:4 | Reached skill level 15 in Transmutations
 43304 | Spider:5 | Entered Level 5 of the Spider Nest
 43583 | Spider:5 | Reached XP level 17. HP: 133/133 MP: 27/27
 44004 | Shoals:1 | Entered Level 1 of the Shoals
 44517 | Shoals:1 | Noticed Agnes
 44525 | Shoals:1 | Killed Agnes
 44533 | Shoals:1 | Reached skill level 5 in Spellcasting
 45297 | Shoals:2 | Reached skill level 6 in Spellcasting
 45680 | Shoals:2 | Reached skill level 7 in Spellcasting
 45982 | Shoals:3 | Noticed Polyphemus
 46557 | Shoals:3 | Reached skill level 8 in Spellcasting
 46886 | Shoals:3 | Killed Polyphemus
 47033 | Shoals:3 | Learned a level 6 spell: Statue Form
 47190 | Shoals:3 | Reached skill level 9 in Spellcasting
 48055 | Shoals:4 | Reached skill level 10 in Spellcasting
 48457 | Shoals:4 | Learned a level 6 spell: Haste
 48482 | Shoals:5 | Entered Level 5 of the Shoals
 48536 | Shoals:5 | Noticed Ilsuiw
 48589 | Shoals:5 | Reached skill level 6 in Charms
 48917 | Shoals:4 | Found a gateway to a bazaar.
 48955 | Bazaar   | Entered a bazaar
 48961 | Bazaar   | Found Oggipong's Book Shop.
 48975 | Bazaar   | Found Sisoirr's Food Boutique.
 48989 | Bazaar   | Found Smairiux's Assorted Antiques.
 49002 | Bazaar   | Found Schieti's Food Boutique.
 49032 | Bazaar   | Found Jyrer's Food Boutique.
 49136 | Bazaar   | Bought a scroll of teleportation for 45 gold pieces
 49136 | Bazaar   | Bought 2 potions of curing for 60 gold pieces
 49165 | Bazaar   | Bought a Necronomicon for 883 gold pieces
 49950 | Shoals:5 | Killed Ilsuiw
 50011 | Shoals:5 | Reached skill level 7 in Charms
 50271 | Shoals:5 | Reached XP level 18. HP: 86/139 MP: 29/35
 50390 | Shoals:5 | Got a barnacled rune of Zot
 50430 | Shoals:5 | Reached skill level 8 in Charms
 50978 | Shoals:5 | Upgraded the game from 0.16-a0-1858-gba9b1e2 to 0.16-a0-1885-g0f03bb0
 51355 | Vaults:1 | Entered Level 1 of the Vaults
 51355 | Vaults:1 | Noticed hcnick's ghost (mighty DsIE)
 51361 | D:14     | Learned a level 2 spell: Blink
 51743 | Lair:6   | Got a distressingly furry ring mail
 51744 | Lair:6   | Identified the +5 ring mail of Agrunum {Str+2 Dex+1} (You found it on level 6 of the Lair of Beasts)
 51983 | D:10     | Got a fine trident
 51984 | D:10     | Identified the +5 trident of the Fifty Eyes {flame, +Blink} (You found it on level 10 of the Dungeon)
 52164 | Orc:4    | Bought a jewelled morningstar for 279 gold pieces
 52165 | Orc:4    | Identified the +7 morningstar of Prophya {venom, rF+ Str+3 Dex+3} (You bought it in a shop on level 4 of the Orcish Mines)
 52589 | Shoals:5 | Reached skill level 9 in Charms
 53307 | Vaults:1 | Killed hcnick's ghost
 53576 | Vaults:1 | Reached skill level 10 in Charms
 53660 | Vaults:1 | Found Gamu's Antique Armour Emporium.
 53662 | Vaults:1 | Found Duducsoa's General Store.
 53750 | Vaults:1 | Reached skill level 11 in Charms
 53821 | Vaults:1 | Learned a level 1 spell: Apportation
 54042 | Vaults:1 | Found Yjigruiz's Weapon Boutique.
 54104 | Vaults:1 | Found Dayss' Gadget Boutique.
 54331 | Vaults:1 | Reached skill level 12 in Charms
 54538 | Vaults:1 | Found Grodileu's Book Shoppe.
 54856 | Vaults:2 | Reached skill level 1 in Earth Magic
 55321 | Vaults:2 | Reached skill level 2 in Earth Magic
 55465 | Vaults:2 | Reached skill level 3 in Earth Magic
 55564 | Vaults:2 | Gained mutation: You are mostly covered in iridescent scales (AC +6). [demonic ancestry]
 55564 | Vaults:2 | Reached XP level 19. HP: 145/145 MP: 28/35
 55572 | Vaults:2 | Reached skill level 4 in Earth Magic
 55823 | Vaults:2 | Found a staircase to the Crypt.
 55823 | Vaults:2 | Found a basalt altar of Yredelemnul.
 55824 | Vaults:2 | Found an ancient bone altar of Kikubaaqudgha.
 56195 | Vaults:3 | Paralysed by a great orb of eyes for 4 turns
 56257 | Vaults:3 | Reached skill level 5 in Earth Magic
 56308 | Vaults:3 | Reached skill level 6 in Earth Magic
 56726 | Vaults:3 | Reached skill level 7 in Earth Magic
 56935 | Vaults:3 | Reached skill level 8 in Earth Magic
 57092 | Vaults:3 | Found Zeaposhra's Food Shoppe.
 57316 | Vaults:1 | Bought a +2 helmet of see invisible for 365 gold pieces
 58132 | Spider:5 | Reached skill level 9 in Earth Magic
 58544 | Spider:5 | Reached skill level 10 in Earth Magic
 58786 | Spider:5 | Got a gossamer rune of Zot
 59894 | Vaults:3 | Reached skill level 1 in Translocations
 59992 | Vaults:3 | Reached skill level 2 in Translocations
 60474 | Vaults:4 | Reached skill level 3 in Translocations
 60566 | Vaults:4 | Reached skill level 4 in Translocations
 60644 | Vaults:4 | Reached skill level 5 in Translocations
 60740 | Vaults:4 | Noticed Jorgrun
 60813 | Vaults:4 | Lost mutation: Your spells are a little harder to cast, but a little more powerful. [mutagenic glow]
 60815 | Vaults:4 | Killed Jorgrun
 61100 | Vaults:4 | Cast into the Abyss (a Zot trap)
 61100 | Abyss:1  | Found a corrupted altar of Lugonu.
 61309 | Abyss:1  | Paralysed by you for 5 turns
 61321 | Abyss:1  | Reached XP level 20. HP: 83/152 MP: 21/36
 61325 | Abyss:1  | Reached skill level 6 in Translocations
 61567 | Abyss:1  | Reached skill level 7 in Translocations
 61600 | Abyss:1  | Gained mutation: Your magical capacity is low (-10% MP). [a neqoxec]
 61648 | Abyss:1  | Paralysed by accursed screaming for 1 turns
 62618 | Abyss:1  | Reached skill level 14 in Unarmed Combat
 63191 | Abyss:3  | Got an abyssal rune of Zot
 63197 | Abyss:3  | Found a corrupted altar of Lugonu.
 63236 | Abyss:3  | Found a corrupted altar of Lugonu.
 63295 | Abyss:3  | Found a stormy altar of Qazlal.
 63645 | Abyss:3  | Found a corrupted altar of Lugonu.
 63694 | Vaults:4 | Escaped the Abyss
 63834 | Vaults:4 | Reached skill level 15 in Unarmed Combat
 64203 | Vaults:4 | Noticed Frederick
 64220 | Vaults:4 | Killed Frederick
 65134 | Vaults:4 | Gained mutation: You can breathe flames. [potion of beneficial mutation]
 65387 | Vaults:1 | Got a bloodstained leather armour
 65388 | Vaults:1 | Identified the +3 leather armour of Purpose {Dex+1 Slay+2} (You found it on level 1 of the Vaults)
 65487 | Depths:1 | Entered Level 1 of the Depths
 65525 | Depths:1 | Reached skill level 16 in Unarmed Combat
 65903 | Depths:1 | Gained mutation: [Your vision is a little blurry.] [mutagenic meat]
 65904 | Depths:1 | Gained mutation: You occasionally shout uncontrollably at your foes. [mutagenic meat]
 65905 | Depths:1 | Gained mutation: Your magical capacity is very low (-20% MP). [mutagenic meat]
 65906 | Depths:1 | Lost mutation: You passively map a small area around you. [potion of cure mutation]
 65906 | Depths:1 | Lost mutation: [You are weak. (Str -2)] [potion of cure mutation]
 65906 | Depths:1 | Lost mutation: Your magical capacity is very low (-20% MP). [potion of cure mutation]
 65906 | Depths:1 | Lost mutation: Your magical capacity is low (-10% MP). [potion of cure mutation]
 65906 | Depths:1 | Lost mutation: [Your vision is a little blurry.] [potion of cure mutation]
 65952 | Depths:1 | Found a one-way gate leading to the halls of Pandemonium.
 66092 | Depths:1 | Reached XP level 21. HP: 134/157 MP: 34/36
 66766 | Depths:2 | Found Anaipp's Distillery.
 66799 | Depths:2 | Reached skill level 8 in Conjurations
 67057 | Vaults:1 | Bought a book of Battle for 680 gold pieces
 67063 | Vaults:1 | Learned a level 3 spell: Regeneration
 67330 | Depths:2 | Reached skill level 1 in Necromancy
 67546 | Depths:2 | Reached skill level 2 in Necromancy
 67559 | Depths:2 | Gained mutation: [You heal slowly when monsters are visible.] [mutagenic meat]
 67560 | Depths:2 | Gained mutation: You can breathe fire. [mutagenic meat]
 67587 | Depths:2 | Bought a potion of heal wounds for 42 gold pieces
 67587 | Depths:2 | Bought a potion of curing for 28 gold pieces
 67684 | Depths:2 | Reached skill level 3 in Necromancy
 67839 | Depths:2 | Found Plog's Food Emporium.
 67902 | Depths:2 | Reached skill level 4 in Necromancy
 68046 | Depths:2 | Reached skill level 5 in Necromancy
 68187 | Depths:2 | Found Bro Soh's Magic Scroll Shoppe.
 68241 | Depths:2 | Reached skill level 6 in Necromancy
 68266 | Depths:2 | Found a gateway to Hell.
 68318 | Depths:2 | Reached skill level 7 in Necromancy
 68761 | Depths:2 | Reached skill level 8 in Necromancy
 69081 | Depths:2 | Paralysed by miscasting Haste for 5 turns
 69093 | Depths:2 | Reached skill level 9 in Necromancy
 69457 | Depths:3 | Reached skill level 10 in Necromancy
 69578 | Depths:3 | Found an iron altar of Okawaru.
 69939 | Depths:3 | Reached skill level 11 in Necromancy
 69967 | Depths:3 | Found a shimmering altar of Xom.
 70216 | Depths:3 | Reached skill level 12 in Necromancy
 70947 | Depths:3 | Reached skill level 13 in Necromancy
 70994 | Depths:3 | Gained mutation: You are completely covered in iridescent scales (AC +8). [demonic ancestry]
 70994 | Depths:3 | Reached XP level 22. HP: 164/164 MP: 37/37
 71560 | Depths:3 | Found a deep blue altar of Sif Muna.
 71744 | Depths:3 | Reached skill level 14 in Necromancy
 71905 | Depths:3 | Got a polished helmet
 71906 | Depths:3 | Identified the +0 helmet of Honesty {Stlth+} (You found it on level 3 of the Depths)
 71974 | Depths:3 | Got a pitted bronze ring
 72369 | Depths:3 | Identified the ring "Bygocs" {MP+9 Str+2} (You took it off a deep elf fighter on level 3 of the Depths)
 72385 | Depths:3 | Found a burning altar of Makhleb.
 72708 | Depths:3 | Reached skill level 15 in Necromancy
 72926 | Depths:4 | Found a gateway to a ziggurat.
 73608 | Depths:4 | Found Iqemisy's Jewellery Shoppe.
 74581 | Depths:4 | Reached skill level 16 in Necromancy
 74704 | Depths:4 | Found a one-way gate to the infinite horrors of the Abyss.
 77087 | Depths:4 | Reached skill level 17 in Necromancy
 77640 | Depths:4 | Identified a scroll of acquirement
 77641 | Depths:4 | Identified a wand of heal wounds (You acquired it on level 4 of the Depths)
 77671 | Depths:4 | Learned a level 5 spell: Bolt of Draining
 77922 | Depths:4 | Reached skill level 18 in Necromancy
 78196 | Depths:4 | Gained mutation: You have claws for hands. [demonic ancestry]
 78196 | Depths:4 | Reached XP level 23. HP: 76/170 MP: 10/37
 78453 | Depths:4 | Learned a level 8 spell: Necromutation
 78757 | Depths:4 | Reached skill level 19 in Necromancy
 79088 | Depths:5 | Entered Level 5 of the Depths
 79674 | Depths:5 | Reached skill level 14 in Dodging
 79772 | Depths:5 | Found a portal to a secret trove of treasure.
 80076 | Vaults:1 | Bought the +5 demon trident "Brisuroy" {drain, Stlth+} for 865 gold pieces
 81137 | Depths:5 | You paid a toll of a +5 demon trident to enter a treasure trove
 81138 | Trove    | Entered a treasure trove
 81169 | Trove    | Got a pair of faintly humming boots
 81170 | Trove    | Identified the -4 pair of boots of Marbles {+Rage +Fly} (You found it in a treasure trove)
 82136 | Depths:5 | Reached skill level 15 in Dodging
 82380 | Depths:5 | Found Qixzaore's General Store.
 83306 | Depths:5 | Reached skill level 16 in Dodging
 84378 | Depths:5 | Found a gate to the Realm of Zot.
 84434 | Depths:5 | Gained mutation: Your flesh is very cold resistant. [demonic ancestry]
 84434 | Depths:5 | Reached XP level 24. HP: 140/176 MP: 35/38
 84967 | Vaults:5 | Entered Level 5 of the Vaults
 85281 | Vaults:5 | Reached skill level 12 in Fighting
 85539 | Vaults:5 | Reached skill level 13 in Fighting
 85835 | Vaults:5 | Reached skill level 14 in Fighting
 86170 | Vaults:5 | Reached skill level 15 in Fighting
 86581 | Vaults:5 | Got a slimy cloak
 86582 | Vaults:5 | Identified the -1 cloak "Ygiddil" {rElec MR+ Dex+3 SInv Stlth--} (You acquired it on level 5 of the Vaults)
 86606 | Vaults:5 | Reached skill level 17 in Unarmed Combat
 87092 | Vaults:5 | Noticed Margery
 87108 | Vaults:5 | Killed Margery
 87166 | Vaults:5 | Identified the Handbook of Doomed Companions (You found it on level 5 of the Vaults)
 87318 | Vaults:5 | Reached skill level 18 in Unarmed Combat
 87326 | Vaults:5 | Identified the Catalogue of Calling
 87336 | Vaults:5 | Got a silver rune of Zot
 87342 | Vaults:5 | Identified the Collected Works on Snow
 87432 | Vaults:5 | Gained mutation: You are immune to freezing clouds. [demonic ancestry]
 87432 | Vaults:5 | Reached XP level 25. HP: 193/193 MP: 38/38
 87932 | Vaults:5 | Upgraded the game from 0.16-a0-1885-g0f03bb0 to 0.16-a0-1970-g0967df0
 88252 | Elf:1    | Entered Level 1 of the Elven Halls
 88929 | Elf:1    | Noticed Josephine
 88940 | Elf:1    | Killed Josephine
 89529 | Elf:2    | Reached skill level 16 in Transmutations
 90229 | Elf:3    | Entered Level 3 of the Elven Halls
 90279 | Elf:3    | Found a glowing golden altar of the Shining One.
 90402 | Elf:3    | Reached skill level 20 in Necromancy
 90758 | Elf:3    | Found Doikhlaekh's Magic Scroll Shop.
 90789 | Elf:3    | Bought a scroll of summoning for 123 gold pieces
 90789 | Elf:3    | Bought a scroll of magic mapping for 45 gold pieces
 90789 | Elf:3    | Bought a scroll of magic mapping for 45 gold pieces
 90789 | Elf:3    | Bought a scroll of blinking for 97 gold pieces
 90897 | Elf:3    | Noticed Louise
 90910 | Elf:3    | Killed Louise
 91726 | Elf:3    | Reached skill level 21 in Necromancy
 92973 | Zot:1    | Entered Level 1 of the Realm of Zot
 93179 | Crypt:1  | Entered Level 1 of the Crypt
 93364 | Crypt:1  | Reached skill level 16 in Fighting
 93415 | Crypt:1  | Got an ancient golden ring
 93437 | Crypt:1  | Identified the ring "Wuqoenie" {rPois rN+ SInv} (You found it on level 1 of the Crypt)
 93605 | Crypt:1  | Lost mutation: You occasionally shout uncontrollably at your foes. [potion of cure mutation]
 93605 | Crypt:1  | Lost mutation: [You heal slowly when monsters are visible.] [potion of cure mutation]
 93605 | Crypt:1  | Lost mutation: Your flesh is very cold resistant. [potion of cure mutation]
 93858 | Crypt:3  | Entered Level 3 of the Crypt
 94025 | Crypt:3  | Reached skill level 17 in Fighting
 94051 | Crypt:3  | Found an ancient bone altar of Kikubaaqudgha.
 94205 | Crypt:3  | Reached skill level 18 in Fighting
 94463 | Crypt:3  | Gained mutation: A frigid envelope surrounds you and freezes all who hurt you. [demonic ancestry]
 94463 | Crypt:3  | Reached XP level 26. HP: 209/209 MP: 32/39
 94520 | Crypt:3  | Reached skill level 19 in Fighting
 94759 | Crypt:3  | Reached skill level 22 in Necromancy
 94824 | Crypt:3  | Noticed an ancient lich
 94831 | Crypt:3  | Killed an ancient lich
 94938 | Crypt:3  | Found a staircase to the Tomb.
 95031 | Crypt:3  | Reached skill level 23 in Necromancy
 95587 | Crypt:2  | Reached skill level 24 in Necromancy
 95913 | Crypt:2  | Reached skill level 13 in Charms
 96028 | Crypt:2  | Learned a level 8 spell: Borgnjor's Revivification
 96408 | Zot:1    | Reached skill level 14 in Charms
 97369 | Zot:1    | Reached skill level 15 in Charms
 97520 | Zot:1    | Reached skill level 16 in Charms
 98196 | Zot:1    | Gained mutation: Your body is slowly deteriorating. [a neqoxec]
 99447 | Zot:3    | Reached XP level 27. HP: 214/214 MP: 24/39
 99503 | Zot:3    | Reached skill level 25 in Necromancy
100798 | Zot:4    | Reached skill level 17 in Transmutations
101037 | Zot:4    | Reached skill level 18 in Transmutations
102002 | Zot:5    | Entered Level 5 of the Realm of Zot
102992 | Zot:2    | Got a faintly glowing robe
103003 | Zot:2    | Identified the +0 robe of Patience {+Inv rElec Int+1 Curse} (You found it on level 2 of the Realm of Zot)
103490 | Slime:1  | Entered Level 1 of the Pits of Slime
103714 | Slime:2  | Gained mutation: [Your spells are a little easier to cast, but a little less powerful.] [a shining eye]
104223 | Slime:4  | Reached skill level 11 in Spellcasting
104964 | Slime:4  | Reached skill level 12 in Spellcasting
105007 | Slime:5  | Gained mutation: You have difficulty communicating with the divine. [a shining eye]
105342 | Slime:6  | Entered Level 6 of the Pits of Slime
105571 | Slime:6  | Noticed Dissolution
105580 | Slime:6  | Killed Dissolution
105773 | Slime:6  | Learned a level 8 spell: Death's Door
105828 | Slime:6  | Reached skill level 1 in Evocations
105874 | Slime:5  | Reached skill level 2 in Evocations
105952 | Slime:6  | Reached skill level 3 in Evocations
105991 | Slime:6  | Reached skill level 4 in Evocations
106115 | Slime:6  | Found a viscous altar of Jiyva.
106132 | Slime:6  | Noticed the royal jelly
106132 | Slime:6  | Reached skill level 5 in Evocations
106580 | Slime:6  | Killed the royal jelly
106580 | Slime:6  | Reached skill level 7 in Evocations
107030 | Slime:6  | Reached skill level 8 in Evocations
107797 | Tomb:1   | Entered Level 1 of the Tomb of the Ancients
107959 | Tomb:1   | Reached skill level 9 in Evocations
108012 | Tomb:1   | Reached skill level 10 in Evocations
108411 | Tomb:1   | Reached skill level 11 in Evocations
109081 | Tomb:1   | Reached skill level 12 in Evocations
109299 | Tomb:2   | Noticed an ancient lich
109486 | Tomb:1   | Reached skill level 13 in Evocations
109501 | Tomb:1   | Killed an ancient lich
109716 | Tomb:1   | Reached skill level 14 in Evocations
110617 | Tomb:1   | Reached skill level 15 in Evocations
111264 | Tomb:1   | Reached skill level 16 in Evocations
111716 | Tomb:1   | Reached skill level 17 in Evocations
111737 | Tomb:1   | Reached skill level 13 in Spellcasting
111868 | Tomb:1   | Reached skill level 14 in Spellcasting
112789 | Tomb:3   | Entered Level 3 of the Tomb of the Ancients
112802 | Tomb:3   | Reached skill level 15 in Spellcasting
112945 | Tomb:2   | Reached skill level 17 in Dodging
114945 | Tomb:3   | Reached skill level 18 in Dodging
115012 | Tomb:3   | Got a ripped robe
115023 | Tomb:3   | Identified the cursed -1 robe "Ehigiger" {Str-2 Slay+4 SInv} (You found it on level 3 of the Tomb of the Ancients)
115301 | Tomb:3   | Noticed an ancient lich
115332 | Tomb:3   | Killed an ancient lich
115344 | Tomb:3   | Got a golden rune of Zot
115734 | Hell     | Entered the Vestibule of Hell
115734 | Hell     | Noticed Murray
115734 | Hell     | Noticed Geryon
115773 | Hell     | Reached skill level 19 in Dodging
115773 | Hell     | Killed Geryon
115916 | Hell     | Killed Murray
116184 | Hell     | Found a gateway to the Iron City of Dis.
116378 | Hell     | Found a gateway to the decaying netherworld of Tartarus.
116485 | Hell     | Found a gateway to the ashen valley of Gehenna.
116576 | Hell     | Found a gateway to the freezing wastes of Cocytus.
116608 | Coc:1    | Entered Level 1 of Cocytus
116721 | Coc:1    | Reached skill level 20 in Dodging
116944 | Vaults:1 | Bought a book of Power for 765 gold pieces
116956 | Vaults:1 | Learned a level 7 spell: Orb of Destruction
116969 | Vaults:1 | Bought a book of Geomancy for 595 gold pieces
117675 | Elf:3    | Learned a level 4 spell: Condensation Shield
118275 | Coc:1    | Reached skill level 9 in Conjurations
118481 | Coc:4    | Reached skill level 10 in Conjurations
118715 | Coc:7    | Entered Level 7 of Cocytus
118860 | Coc:7    | Reached skill level 11 in Conjurations
119041 | Coc:7    | Reached skill level 12 in Conjurations
119569 | Coc:7    | Reached skill level 13 in Conjurations
119923 | Coc:7    | Reached skill level 14 in Conjurations
120399 | Coc:7    | Reached skill level 15 in Conjurations
120514 | Coc:7    | Noticed Antaeus
120566 | Coc:7    | Killed Antaeus
121670 | Coc:7    | Got an icy rune of Zot
121967 | Tar:1    | Entered Level 1 of Tartarus
122320 | Tar:2    | Reached skill level 19 in Unarmed Combat
122992 | Tar:3    | Upgraded the game from 0.16-a0-1970-g0967df0 to 0.16-a0-1982-g8124c91
123057 | Tar:3    | Reached skill level 11 in Earth Magic
123382 | Tar:4    | Reached skill level 12 in Earth Magic
123676 | Tar:7    | Entered Level 7 of Tartarus
124124 | Tar:7    | Got a brightly glowing silver ring
124126 | Tar:7    | Identified the ring "Qyoliu" {Ice Stlth-} (You found it on level 7 of Tartarus)
124163 | Tar:7    | Got a transparent marble ring
124165 | Tar:7    | Identified the ring of Dirphob {MR+ Dex+2 Int-5} (You found it on level 7 of Tartarus)
124180 | Tar:7    | Noticed an ancient lich
124186 | Tar:7    | Killed an ancient lich
124186 | Tar:7    | Reached skill level 20 in Fighting
124281 | Tar:7    | Noticed an ancient lich
124292 | Tar:7    | Killed an ancient lich
124742 | Tar:7    | Reached skill level 21 in Fighting
124876 | Tar:7    | Gained mutation: [You are weak. (Str -2)] [mutagenic glow]
124937 | Tar:7    | Noticed the Serpent of Hell
125040 | Tar:7    | Killed the Serpent of Hell
125364 | Tar:7    | Noticed Ereshkigal
125396 | Tar:7    | Killed Ereshkigal
125396 | Tar:7    | Reached skill level 22 in Fighting
125414 | Tar:7    | Got a bone rune of Zot
125721 | Depths:2 | Bought a scroll of teleportation for 51 gold pieces
125721 | Depths:2 | Bought a scroll of magic mapping for 59 gold pieces
125721 | Depths:2 | Bought a scroll of magic mapping for 59 gold pieces
125721 | Depths:2 | Bought a scroll of teleportation for 51 gold pieces
125813 | Depths:2 | Bought a bread ration for 50 gold pieces
125813 | Depths:2 | Bought a meat ration for 50 gold pieces
125813 | Depths:2 | Bought a meat ration for 50 gold pieces
125813 | Depths:2 | Bought a meat ration for 50 gold pieces
125813 | Depths:2 | Bought a bread ration for 50 gold pieces
125814 | Depths:2 | Bought 5 fruits for 75 gold pieces
125848 | Depths:2 | Bought a potion of might for 35 gold pieces
125848 | Depths:2 | Bought 2 potions of curing for 56 gold pieces
125876 | Depths:2 | Reached skill level 13 in Earth Magic
126118 | Dis:1    | Entered Level 1 of the Iron City of Dis
126964 | Dis:6    | Reached skill level 14 in Earth Magic
126996 | Dis:7    | Entered Level 7 of the Iron City of Dis
127278 | Dis:7    | Reached skill level 15 in Earth Magic
127651 | Dis:7    | Reached skill level 16 in Earth Magic
128026 | Dis:7    | Reached skill level 17 in Earth Magic
128428 | Dis:7    | Got a brightly glowing copper amulet
128430 | Dis:7    | Identified the amulet of Perfectionism {rMut +Inv rC+ rN+ MR+} (You found it on level 7 of the Iron City of Dis)
128598 | Dis:7    | Reached skill level 18 in Earth Magic
128654 | Dis:7    | Noticed Dispater
128674 | Dis:7    | Killed Dispater
128674 | Dis:7    | Gained mutation: Your body is deteriorating. [a cacodemon]
128685 | Dis:7    | Got an iron rune of Zot
129246 | Pan      | Entered Pandemonium
129283 | Pan      | Noticed Jada the pandemonium lord
129300 | Pan      | Killed Jada the pandemonium lord
129380 | Pan      | Found an exit through the horrors of the Abyss.
129402 | Pan      | Gained mutation: [You tend to lose your temper in combat.] [a cacodemon]
129404 | Pan      | Gained mutation: [Potions and wands are less effective at restoring your health.] [a cacodemon]
129456 | Pan      | Reached skill level 19 in Earth Magic
129822 | Pan      | Got a demonic rune of Zot
129857 | Pan      | Got a faintly glowing copper ring
129858 | Pan      | Identified the ring "Qonwef" {Ice Contam} (You took it off a putrid demonspawn in Pandemonium)
129925 | Pan      | Lost mutation: [You tend to lose your temper in combat.] [potion of cure mutation]
129925 | Pan      | Lost mutation: [You are weak. (Str -2)] [potion of cure mutation]
129925 | Pan      | Lost mutation: Your body is deteriorating. [potion of cure mutation]
129925 | Pan      | Lost mutation: [Potions and wands are less effective at restoring your health.] [potion of cure mutation]
129925 | Pan      | Lost mutation: You can breathe fire. [potion of cure mutation]
129925 | Pan      | Lost mutation: Your body is slowly deteriorating. [potion of cure mutation]
129925 | Pan      | Lost mutation: [Your spells are a little easier to cast, but a little less powerful.] [potion of cure mutation]
130034 | Pan      | Found an exit through the horrors of the Abyss.
130348 | Pan      | Reached skill level 20 in Earth Magic
130386 | Pan      | Paralysed by accursed screaming for 1 turns
130823 | Pan      | Found a gateway to a ziggurat.
130832 | Zig:1    | Entered Level 1 of a ziggurat
130927 | Zig:2    | Entered Level 2 of a ziggurat
130956 | Zig:3    | Entered Level 3 of a ziggurat
130995 | Zig:4    | Entered Level 4 of a ziggurat
131050 | Zig:5    | Entered Level 5 of a ziggurat
131110 | Zig:6    | Entered Level 6 of a ziggurat
131130 | Zig:6    | Lost intelligence.
131190 | Pan      | HP: 19/222 [torturous warmonger/demon trident of venom (10)]
131192 | Pan      | HP: 5/222 [poisoned by a torturous warmonger]
131192 | Pan      | Mangled by a torturous warmonger

Vanquished Creatures
  Antaeus (Coc:7)
  the royal jelly (Slime:6)
  Ereshkigal (Tar:7)
  5 ancient liches
  Dispater (Dis:7)
  Dissolution (Slime:6)
  32 greater mummies
  Margery (Vaults:5)
  Saint Roka (Orc:4)
  A curse toe (Zot:3)
  A caustic shrike (Depths:4)
  Geryon (Hell)
  A pandemonium lord (Pan)
  12 golden dragons
  2 profane servitors
  Frederick (Vaults:4)
  6 bone dragons
  3 Brimstone Fiends (Pan)
  25 acid blobs
  16 liches
  25 Ice Fiends
  15 Hell Sentinels
  16 tentacled monstrosities
  5 titans
  A deep elf blademaster (Elf:3)
  A deep elf master archer (Depths:3)
  8 tentacled starspawn
  Murray (Hell)
  2 quicksilver dragons
  Polyphemus (Shoals:3)
  12 Executioners
  17 sphinxes
  An octopode crusher (Depths:4)
  A sphinx (shapeshifter) (Vaults:5)
  20 Shadow Fiends
  11 storm dragons
  Agnes (Shoals:1)
  9 tengu reavers
  3 ancient champions
  The ghost of hcnick the Spry, a mighty DsIE of Kikubaaqudgha (Vaults:1)
  Frances (D:15)
  12 shadow dragons
  4 revenants
  Roxanne (D:15)
  8 fire giants
  11 draconian monks
  Ilsuiw (Shoals:5)
  15 azure jellies
  Donald (D:14)
  14 deep elf sorcerers
  15 frost giants
  4 draconian scorchers
  11 vault wardens
  6 ghost moths
  7 cacodemons
  Louise (Elf:3)
  17 iron dragons
  2 ghouls
  2 curse skulls
  4 draconian zealots
  12 emperor scorpions
  7 draconian knights
  23 war gargoyles
  2 warmongers (Pan)
  6 balrugs
  Jorgrun (Vaults:4)
  12 draconian shifters
  3 spriggan defenders
  5 draconian annihilators
  3 corrupters (Pan)
  8 very ugly things
  45 reapers
  4 vampire knights
  5 draconian callers
  5 grey draconians
  3 elemental wellsprings (Coc:7)
  2 blood saints (Pan)
  10 deep elf demonologists
  28 stone giants
  5 mottled draconians
  12 deep elf annihilators
  5 salamander firebrands
  9 purple draconians
  Azrael (D:15)
  4 bennus (Tomb:2)
  10 pale draconians
  7 dire elephants
  7 green draconians
  A lorocyproca (Hell)
  A chaos champion (Pan)
  6 black draconians
  11 red draconians
  18 yellow draconians
  8 white draconians
  6 death drakes
  A black sun (Pan)
  3 unborn
  18 blizzard demons
  8 death oozes (Slime:6)
  5 eidola
  6 merfolk javelineers
  6 green deaths
  7 merfolk impalers
  7 deep elf death magi
  15 yaktaur captains
  7 quicksilver dragon zombies
  21 ettins
  39 vault guards
  4 minotaurs
  23 mummy priests
  Josephine (Elf:1)
  9 rakshasas
  6 deep elf high priests
  21 jiangshi
  3 kraken zombies (Coc:7)
  23 fire dragons
  8 ironheart preservers
  9 death cobs
  A quicksilver dragon skeleton (Tar:2)
  7 spriggan air magi
  18 great orbs of eyes
  6 monstrous demonspawn (Pan)
  Nessos (D:13)
  26 ice dragons
  10 hydras
  4 merfolk avatars
  10 centaur warriors
  An anaconda (Depths:2)
  6 ghost crabs
  13 ogre magi
  8 deep troll earth magi
  10 merfolk aquamancers
  A spectral stone giant (Hell)
  The ghost of RobertPalmer the Martial Artist, a powerful DsTm of Ru (IceCv)
  A tengu warrior (Depths:2)
  4 dancing weapons (Elf:2)
  21 death yaks
  2 satyrs (Shoals:3)
  3 death knights (Crypt:3)
  9 deep troll shamans
  5 thrashing horrors
  8 spriggan berserkers
  4 vampire magi
  A naga sharpshooter (Zig:4)
  A spectral dire elephant (Crypt:3)
  Urug (D:14)
  4 orc high priests
  27 soul eaters
  2 titan zombies (Dis:7)
  A hell hog (Hell)
  11 sun demons
  7 iron golems
  2 storm dragon zombies
  13 iron trolls
  4 titan skeletons
  14 hell knights
  27 death scarabs
  21 deep elf knights
  4 catoblepae
  10 wretched stars
  4 fire crabs
  7 shadow wraiths
  A fire crab (shapeshifter) (Vaults:4)
  31 ice devils
  A storm dragon skeleton (Coc:4)
  144 skeletal warriors
  5 golden dragon zombies
  5 unseen horrors
  10 hill giants
  A spatial maelstrom (Abyss:3)
  3 ghost moth zombies
  A giant orange brain (shapeshifter) (Vaults:5)
  23 anubis guards
  A swamp dragon (shapeshifter) (Elf:3)
  5 sea snakes
  6 anaconda zombies
  2 spriggan druids (Depths:2)
  5 giant orange brains
  A spectral anaconda (Crypt:3)
  3 wizards
  4 gelid demonspawn (Pan)
  6 infernal demonspawn
  17 shadow demons
  4 ice statues
  A naga ritualist (Zig:4)
  13 deep elf summoners
  A golden dragon skeleton (Crypt:2)
  24 deep trolls
  An anaconda skeleton (Tar:7)
  14 flayed ghosts
  2 torturous demonspawn (Pan)
  3 shadow dragon zombies
  14 ironbrand convokers
  6 lindwurms
  17 harpies
  21 deep elf conjurers
  25 orc knights
  An oklob plant (Zot:4)
  A wolf spider zombie (Abyss:1)
  36 ugly things
  9 fauns
  2 mana vipers
  A sphinx zombie (Depths:2)
  6 stone giant zombies
  17 moths of wrath
  5 frost giant zombies
  5 orc sorcerers
  11 putrid demonspawn (Pan)
  6 shining eyes
  15 orb spiders
  13 griffons
  A salamander (shapeshifter) (Depths:1)
  11 necromancers
  9 red wasps
  4 shadow dragon skeletons
  24 phantasmal warriors
  7 water nymphs
  A mana viper (shapeshifter) (Vaults:5)
  5 iron dragon zombies
  8 sixfirhies
  22 manticores
  9 fire giant zombies
  34 wolf spiders
  12 worldbinders
  2 iron dragon skeletons
  11 cyclopes
  A sphinx skeleton (Zig:5)
  3 apocalypse crabs
  A faun (shapeshifter) (Vaults:5)
  23 large abominations
  6 sirens
  16 smoke demons
  2 stone giant skeletons
  7 elephants
  An octopode (shapeshifter) (Vaults:1)
  3 fire giant skeletons
  3 black mambas
  3 gargoyles
  6 frost giant skeletons
  19 vault sentinels
  3 shock serpent zombies
  A molten gargoyle (Hell)
  A salamander (Depths:1)
  3 naga magi (Zig:4)
  41 rust devils
  8 hellions
  A spiny frog (shapeshifter) (Vaults:2)
  9 orange demons
  5 spectral swamp worms (Depths:5)
  2 storm dragon simulacra
  A shock serpent skeleton (Coc:7)
  4 torpor snails
  6 anaconda simulacra
  4 spriggan skeletons
  3 eyes of devastation
  Psyche (Orc:3)
  A red draconian zombie (Zot:3)
  58 yaktaurs
  3 dire elephant skeletons
  A yaktaur zombie (D:15)
  30 spiny frogs
  8 efreet
  2 emperor scorpion zombies
  24 demonic crawlers
  An elf (shapeshifter) (Depths:5)
  5 fire drakes
  2 yaktaurs (shapeshifter)
  10 komodo dragons
  4 ancient zymes (Abyss:1)
  A golden dragon simulacrum (Crypt:3)
  35 freezing wraiths
  2 yaktaur skeletons
  A red draconian skeleton (Crypt:2)
  2 silent spectres
  10 hellwings
  11 deep elf priests
  3 elf skeletons
  41 guardian mummies
  9 trolls
  9 hell beasts
  A green draconian skeleton (Coc:7)
  15 tormentors
  A tengu conjurer (Depths:2)
  2 harpy zombies
  An iron troll skeleton (Crypt:1)
  34 merfolk
  18 red devils
  9 kobold demonologists
  2 tengu simulacra (Depths:3)
  A purple draconian skeleton (Crypt:1)
  20 two-headed ogres
  A merfolk (shapeshifter) (Depths:4)
  13 hydra zombies
  26 jumping spiders
  3 catoblepas zombies
  125 slime creatures
  A mana viper skeleton (Crypt:2)
  18 polar bears
  An ice dragon zombie (Dis:6)
  2 baby alligators (shapeshifter)
  27 blue devils
  2 bog bodies (Crypt:2)
  A fire dragon zombie (Dis:7)
  6 raiju
  9 wind drakes
  3 alligator zombies
  A shadow dragon simulacrum (Vaults:3)
  4 giant leeches (Lair:8)
  14 boulder beetles
  150 flying skulls
  4 spriggan zombies
  24 ushabtiu
  22 blink frogs
  6 hydra skeletons
  2 ettin zombies
  A red wasp zombie (Crypt:1)
  3 air elementals
  3 ravens (Depths:2)
  53 redbacks
  A wyvern (shapeshifter) (Vaults:2)
  22 small abominations
  3 wyverns
  3 human simulacra
  12 spriggans
  4 frost giant simulacra
  An iron dragon simulacrum (Tar:2)
  2 alligator skeletons
  30 shadows
  17 tarantellas
  14 starcursed masses (Abyss:1)
  9 neqoxecs
  2 fire dragon skeletons (Coc:7)
  9 snapping turtles
  2 ice dragon skeletons
  24 trapdoor spiders
  3 ettin skeletons (Coc:7)
  4 basilisks
  23 deep elf magi
  29 wraiths
  9 golden eyes
  36 water elementals
  16 ynoxinuls
  7 fire elementals
  2 yaks (shapeshifter)
  45 yaks
  20 vampires
  3 black mamba skeletons
  A human (shapeshifter) (Elf:1)
  Grum (Orc:4)
  13 hippogriffs
  9 wargs
  2 steam dragons (D:10)
  3 chaos spawn (Abyss:1)
  37 deep elf fighters
  A red draconian simulacrum (Tar:2)
  29 vampire mosquitoes
  A soldier ant (D:11)
  2 hippogriffs (shapeshifter)
  4 mottled dragons
  8 hungry ghosts
  9 porcupines
  An infernal demonspawn zombie (Dis:7)
  A spatial vortex (Tar:2)
  A spectral spiny frog (Tomb:2)
  A tengu skeleton (D:11)
  15 wolves
  A sky beast (shapeshifter) (Depths:3)
  15 hell hounds
  7 spiny frog zombies
  8 phantoms
  13 water moccasins
  2 catoblepas simulacra
  6 sky beasts
  4 swamp drakes
  A deep troll skeleton (Vaults:5)
  50 ogres
  An ice beast (shapeshifter) (Vaults:5)
  21 necrophages
  An eye of draining (shapeshifter) (Vaults:5)
  13 ice beasts
  A manticore zombie (Tar:7)
  50 orc warriors
  2 spiny frog skeletons
  A swamp drake (shapeshifter) (Vaults:5)
  A black bear (shapeshifter) (Depths:1)
  A lindwurm zombie (Crypt:2)
  19 spiders
  12 eyes of draining
  34 yellow wasps
  22 centaurs
  2 snapping turtle zombies
  7 hydra simulacra
  15 crocodiles
  4 boggarts
  3 snapping turtle skeletons
  3 boring beetles
  Sigmund (D:2)
  5 big kobolds
  A giant frog (shapeshifter) (Depths:4)
  5 brain worms
  A fire drake skeleton (Crypt:1)
  27 giant frogs
  A gnoll sergeant (D:11)
  A glowing shapeshifter simulacrum (Depths:3)
  A dryad skeleton (Crypt:1)
  A water moccasin zombie (D:5)
  13 scorpions
  A scorpion (shapeshifter) (Vaults:5)
  2 snapping turtle simulacra
  3 elf zombies
  A hippogriff skeleton (D:11)
  29 killer bees
  36 wights
  A yak skeleton (Crypt:2)
  2 yaktaur simulacra
  A giant frog zombie (D:11)
  13 crimson imps
  An orc simulacrum (Vaults:1)
  A centaur zombie (Dis:7)
  5 electric eels
  13 hounds
  A soldier ant zombie (Crypt:2)
  33 orc priests
  50 jellies
  4 quasits
  A giant frog skeleton (D:11)
  3 human zombies
  21 iron imps
  15 orange rats
  42 orc wizards
  A two-headed ogre skeleton (Crypt:1)
  A basilisk skeleton (D:8)
  A basilisk zombie (D:11)
  2 elf simulacra
  Natasha (thrice) (D:6)
  9 iguanas
  12 worker ants
  A naga zombie (Tar:6)
  A sky beast zombie (D:7)
  A big kobold skeleton (D:6)
  47 sheep
  A mottled dragon skeleton (Crypt:1)
  A naga skeleton (Coc:1)
  An ogre skeleton (Coc:7)
  56 mummies
  2 worker ant zombies
  3 gnolls (D:11)
  30 adders
  14 shadow imps
  15 white imps
  8 giant mites
  46 green rats
  5 worms
  2 goliath beetle zombies (Crypt:2)
  17 ufetubi
  An adder skeleton (D:3)
  5 oozes
  240 orcs
  22 bats
  2 giant cockroaches
  14 goblins
  18 hobgoblins
  4 jackals
  33 kobolds
  7 quokkas
  2 ball pythons
  6 giant geckos
  A giant gecko skeleton (D:4)
  6 giant newts
  A giant newt skeleton (Crypt:1)
  A goblin skeleton (D:4)
  3 hobgoblin skeletons
  2 kobold skeletons
  A kobold zombie (D:3)
  A lurking horror (Zig:6)
  A necrophage skeleton (Crypt:3)
  3 orc zombies
  32 rats
  A rat zombie (D:5)
  19 ballistomycetes
  A bush (D:14)
  8 fungi
  11 plants
  A starspawn tentacle (Abyss:1)
  A tentacle (Coc:7)
4960 creatures vanquished.

Vanquished Creatures (collateral kills)
  the Serpent of Hell (Tar:7)
  A stone giant zombie (Tar:7)
  A rust devil (Hell)
  A shadow (Tar:7)
  A hell hound (Hell)
  A necrophage (Tar:7)
6 creatures vanquished.

Vanquished Creatures (others)
  A greater mummy (Tomb:1)
  4 eldritch tentacles
  A tengu reaver (Depths:5)
  A fire giant (Depths:4)
  2 draconian scorchers
  A draconian knight (Zot:2)
  2 reapers
  An elemental wellspring (Coc:7)
  A war gargoyle (Dis:7)
  A green draconian (Depths:5)
  A pale draconian (Zot:1)
  A purple draconian (Depths:5)
  An unborn (Tomb:2)
  A black draconian (Zot:4)
  An ettin (Vaults:5)
  4 yaktaur captains
  A jiangshi (Hell)
  An ice dragon (Depths:5)
  A deep elf high priest (Depths:3)
  An ironheart preserver (Vaults:4)
  A quicksilver dragon skeleton (Tar:7)
  A titan zombie (Depths:2)
  A catoblepas (D:13)
  A titan skeleton (Tomb:2)
  A storm dragon skeleton (Tar:3)
  A harpy (Shoals:5)
  A deep troll (Vaults:5)
  A hill giant (Depths:3)
  8 death scarabs
  An anubis guard (Tomb:3)
  A water nymph (Shoals:4)
  A sixfirhy (Abyss:3)
  A fire giant zombie (Hell)
  2 cyclopes
  A lindwurm (Depths:5)
  A red wasp (Depths:2)
  A faun (Shoals:3)
  A wolf spider (Vaults:4)
  A phantasmal warrior (Depths:5)
  A fire giant skeleton (Coc:7)
  9 drowned souls
  A stone giant skeleton (Coc:7)
  A titan simulacrum (Depths:3)
  2 hellwings (Pan)
  A komodo dragon (Zot:4)
  2 yaktaurs
  A tengu conjurer (D:13)
  A hellion (Dis:7)
  A tormentor (Zig:6)
  A blue devil (Hell)
  A harpy zombie (Coc:7)
  A two-headed ogre (Depths:2)
  A spriggan zombie (Hell)
  A hell beast (Hell)
  2 slime creatures
  An alligator zombie (Dis:7)
  3 ravens (D:13)
  A snapping turtle (Shoals:1)
  6 flying skulls
  3 air elementals
  A trapdoor spider (D:15)
  11 water elementals
  An ettin skeleton (Tar:7)
  2 shadows
  3 redbacks
  A ynoxinul (Pan)
  A large abomination (Zig:6)
  A wraith (Abyss:1)
  A hungry ghost (Tomb:1)
  2 vampire mosquitoes
  A water moccasin (Lair:7)
  A dwarf (shapeshifter) (Depths:4)
  3 necrophages
  6 spiders
  4 ogres
  A manticore zombie (Coc:4)
  A swamp drake (Zig:3)
  14 lost souls
  A giant frog (D:12)
  2 small abominations
  A wight (Tomb:3)
  A hound (D:5)
  2 iron imps (Dis:7)
  An elf zombie (Elf:1)
  A jelly (Zot:4)
  An orange rat (Elf:1)
  An orc wizard (Vaults:1)
  A sheep (D:13)
  3 mummies (Tomb:2)
  3 adders (Lair:7)
  2 orcs
  A bat (D:5)
  A jackal (D:5)
  2 kobolds (D:5)
  A ball python (D:5)
  4 giant spores
  2 lurking horrors
  2 ballistomycetes (D:13)
  4 bushes (Depths:2)
  258 eldritch tentacle segments
  30 fungi
  46 plants
  31 starspawn tentacles
  105 starspawn tentacle segments
  23 tentacles (Coc:7)
  529 tentacle segments (Coc:7)
1210 creatures vanquished.

Grand Total: 6176 creatures vanquished
